TOP OF THE 1ST |
Savannah Hogs batting - Pitching for Beaverton Bronze Souls : LHP Lúcio López
|
Pitching: LHP Lúcio López
|
|
Batting: RHB Miguel Martínez
|
0-0: Fly out, F8 (Flyball, 8RM)
|
Batting: RHB Rick Holman
|
0-0: Ball 1-0: Ball 2-0: DOUBLE (Line Drive, 8LD)
|
Batting: RHB Pedro Cuevas
|
0-0: Ball 1-0: Ball 2-0: Ball 3-0: Called Strike 3-1: Swinging Strike 3-2: Foul Ball, location: 2F 3-2: Base on Balls
|
Batting: RHB Melvin Matthews
|
0-0: Called Strike 0-1: Swinging Strike 0-2: Ball 1-2: SINGLE (Line Drive, 6MD) Rick Holman to third Pedro Cuevas to second Runner from 3rd tries for Home, SAFE, no throw
|
Batting: RHB Wilson Ortíz
|
0-0: Ball 1-0: Called Strike 1-1: SINGLE (Line Drive, 5L) Pedro Cuevas to third Melvin Matthews to second
|
Batting: RHB Juan Morales
|
0-0: Called Strike 0-1: Fielders Choice at 2nd, 4-6 (Groundball, 4) Pedro Cuevas scores Melvin Matthews to third
|
Batting: SHB Juan Chávez
|
0-0: Foul Ball, location: 2F 0-1: Ball 1-1: Foul Ball, location: 2F 1-2: Strikes out swinging
|
Top of the 1st over - 2 runs, 3 hits, 0 errors, 2 left on base; Savannah 2 - Beaverton 0 |
BOTTOM OF THE 1ST |
Beaverton Bronze Souls batting - Pitching for Savannah Hogs : LHP Ricardo Rosário
|
Pitching: LHP Ricardo Rosário
|
|
Batting: RHB Pedro Rivera
|
0-0: Ball 1-0: Foul Ball, location: 2F 1-1: Fly out, F9 (Flyball, 9D)
|
Batting: LHB José Guillén
|
0-0: Called Strike 0-1: Ball 1-1: Ball 2-1: Foul Ball, location: 2F 2-2: Ground out 4-3 (Groundball, 4MD)
|
Batting: RHB Steve Smith
|
0-0: Ball 1-0: Called Strike 1-1: Fly out, F7 (Flyball, 7)
|
Bottom of the 1st over - 0 runs, 0 hits, 0 errors, 0 left on base; Savannah 2 - Beaverton 0 |
TOP OF THE 2ND |
Savannah Hogs batting - Pitching for Beaverton Bronze Souls : LHP Lúcio López
|
Batting: LHB Felipe Franco
|
0-0: Called Strike 0-1: Ball 1-1: Ball 2-1: Ball 3-1: Base on Balls
|
Batting: RHB Louis Miller
|
0-0: Called Strike Felipe Franco is caught stealing 2nd base 0-1: Ball 1-1: Ball 2-1: SINGLE (Flyball, 9S)
|
Batting: RHB Miguel Martínez
|
0-0: Ball 1-0: Fly out, F3 (Popup, 3)
|
Batting: RHB Rick Holman
|
0-0: Called Strike 0-1: SINGLE (Line Drive, 8LS) Louis Miller to second
|
Batting: RHB Pedro Cuevas
|
0-0: Ball 1-0: Ball 2-0: Swinging Strike 2-1: Ball 3-1: Base on Balls Louis Miller to third Rick Holman to second
|
Batting: RHB Melvin Matthews
|
0-0: Ball 1-0: Ball 2-0: Ball 3-0: Base on Balls Louis Miller scores Rick Holman to third Pedro Cuevas to second
|
Batting: RHB Wilson Ortíz
|
0-0: Ball 1-0: Called Strike 1-1: Ground out 4-3 (Groundball, 4)
|
Top of the 2nd over - 1 run, 2 hits, 0 errors, 3 left on base; Savannah 3 - Beaverton 0 |
BOTTOM OF THE 2ND |
Beaverton Bronze Souls batting - Pitching for Savannah Hogs : LHP Ricardo Rosário
|
Batting: RHB Dan Cross
|
0-0: SINGLE (Flyball, 9LS)
|
Batting: RHB Luis Carranza
|
0-0: Fly out, F7 (Flyball, 7D)
|
Batting: RHB Cameron Irwin
|
0-0: Ball 1-0: Ball 2-0: Ball 3-0: Called Strike 3-1: Swinging Strike 3-2: Strikes out swinging
|
Batting: RHB José López
|
0-0: Swinging Strike 0-1: Called Strike 0-2: Ball Dan Cross is caught stealing 2nd base
|
Bottom of the 2nd over - 0 runs, 1 hit, 0 errors, 0 left on base; Savannah 3 - Beaverton 0 |
TOP OF THE 3RD |
Savannah Hogs batting - Pitching for Beaverton Bronze Souls : LHP Lúcio López
|
Batting: RHB Juan Morales
|
0-0: Ball 1-0: Called Strike 1-1: Ball 2-1: Foul Ball, location: 2F 2-2: Strikes out swinging, 2-3 out at first.
|
Batting: SHB Juan Chávez
|
0-0: Fly out, F8 (Flyball, 8LM)
|
Batting: LHB Felipe Franco
|
0-0: Foul Ball, location: 2F 0-1: Ball 1-1: Called Strike 1-2: Foul Ball, location: 2F 1-2: SINGLE (Line Drive, 5D)
|
Batting: RHB Louis Miller
|
0-0: Called Strike 0-1: Fly out, F4 (Popup, 34D)
|
Top of the 3rd over - 0 runs, 1 hit, 0 errors, 1 left on base; Savannah 3 - Beaverton 0 |
BOTTOM OF THE 3RD |
Beaverton Bronze Souls batting - Pitching for Savannah Hogs : LHP Ricardo Rosário
|
Batting: RHB José López
|
0-0: Ball 1-0: Foul Ball, location: 2F 1-1: Foul Ball, location: 2F 1-2: Ball 2-2: Foul Ball, location: 2F 2-2: Ball 3-2: DOUBLE (Line Drive, 7LS)
|
Batting: SHB Alberto Sandoval
|
0-0: Called Strike 0-1: Called Strike 0-2: Foul Ball, location: 2F 0-2: Foul Ball, location: 2F 0-2: Ball 1-2: Strikes out swinging
|
Batting: LHB Howard Holder
|
0-0: Called Strike 0-1: Foul Ball, location: 2F 0-2: Ball 1-2: SINGLE (Flyball, 89S) José López to third
|
Batting: RHB Pedro Rivera
|
0-0: Ball 1-0: Called Strike 1-1: Ball 2-1: Swinging Strike 2-2: Strikes out looking
|
Batting: LHB José Guillén
|
0-0: Ball 1-0: Called Strike 1-1: SINGLE (Groundball, 6MD) José López scores Howard Holder to second Runner from 2nd tries for 3rd, SAFE, no throw
|
Batting: RHB Steve Smith
|
0-0: Ball 1-0: Ball 2-0: Ball 3-0: Called Strike 3-1: Fielders Choice at 2nd, 5-4 (Groundball, 5L)
|
Bottom of the 3rd over - 1 run, 3 hits, 0 errors, 2 left on base; Savannah 3 - Beaverton 1 |
TOP OF THE 4TH |
Savannah Hogs batting - Pitching for Beaverton Bronze Souls : LHP Lúcio López
|
Batting: RHB Miguel Martínez
|
0-0: Called Strike 0-1: Fly out, F8 (Flyball, 8RD)
|
Batting: RHB Rick Holman
|
0-0: SINGLE (Flyball, 9LS)
|
Batting: RHB Pedro Cuevas
|
0-0: Ball 1-0: Called Strike 1-1: Ball Rick Holman steals 2nd base 2-1: 2-RUN HOME RUN (Flyball, 7D), Distance : 360 ft
|
Batting: RHB Melvin Matthews
|
0-0: Foul Ball, location: 2F 0-1: Ball 1-1: Called Strike 1-2: Ball 2-2: SOLO HOME RUN (Flyball, 9D), Distance : 358 ft
|
Batting: RHB Wilson Ortíz
|
0-0: Called Strike 0-1: Ground out 4-3 (Groundball, 4M)
|
Batting: RHB Juan Morales
|
0-0: Foul Ball, location: 2F 0-1: Ball 1-1: Swinging Strike 1-2: Foul Ball, location: 2F 1-2: Strikes out swinging
|
Top of the 4th over - 3 runs, 3 hits, 0 errors, 0 left on base; Savannah 6 - Beaverton 1 |
BOTTOM OF THE 4TH |
Beaverton Bronze Souls batting - Pitching for Savannah Hogs : LHP Ricardo Rosário
|
Batting: RHB Dan Cross
|
0-0: Ball 1-0: Ball 2-0: Ball 3-0: Base on Balls
|
Batting: RHB Luis Carranza
|
0-0: Ball 1-0: Ball 2-0: Fly out, F6 (Line Drive, 6)
|
Batting: RHB Cameron Irwin
|
0-0: Foul Ball, location: 2F 0-1: Ball 1-1: Foul Ball, location: 2F 1-2: Foul Ball, location: 2F 1-2: Ball 2-2: Ball Wild Pitch! Dan Cross to second 3-2: Foul Ball, location: 2F 3-2: Base on Balls
|
Batting: RHB José López
|
0-0: Ball 1-0: Called Strike 1-1: Foul Ball, location: 2F 1-2: Strikes out swinging
|
Batting: SHB Alberto Sandoval
|
0-0: Ball 1-0: Called Strike 1-1: Swinging Strike 1-2: Strikes out swinging
|
Bottom of the 4th over - 0 runs, 0 hits, 0 errors, 2 left on base; Savannah 6 - Beaverton 1 |
TOP OF THE 5TH |
Savannah Hogs batting - Pitching for Beaverton Bronze Souls : LHP Lúcio López
|
Batting: SHB Juan Chávez
|
0-0: Called Strike 0-1: SINGLE (Groundball, 5) (infield hit)
|
Batting: LHB Felipe Franco
|
0-0: Called Strike Juan Chávez steals 2nd base 0-1: Ball 1-1: Ball 2-1: Foul Ball, location: 2F 2-2: Fly out, F8 (Flyball, 8LM)
|
Batting: RHB Louis Miller
|
0-0: Ball 1-0: Foul Ball, location: 2F 1-1: Called Strike 1-2: Ground out 4-3 (Groundball, 4MS) Juan Chávez to third
|
Batting: RHB Miguel Martínez
|
0-0: Called Strike 0-1: Ground out U3 (Groundball, 3)
|
Top of the 5th over - 0 runs, 1 hit, 0 errors, 1 left on base; Savannah 6 - Beaverton 1 |
BOTTOM OF THE 5TH |
Beaverton Bronze Souls batting - Pitching for Savannah Hogs : LHP Ricardo Rosário
|
Batting: LHB Howard Holder
|
0-0: Fly out, F7 (Flyball, 7LS)
|
Batting: RHB Pedro Rivera
|
0-0: Ball 1-0: Ball 2-0: Ball 3-0: Base on Balls
|
Batting: LHB José Guillén
|
0-0: Ball 1-0: Ground out 4-3 (Groundball, 4S) Pedro Rivera to second
|
Batting: RHB Steve Smith
|
0-0: Called Strike 0-1: Ball 1-1: Ball 2-1: Ball 3-1: SINGLE (Line Drive, 8LS) Pedro Rivera to third Runner from 3rd tries for Home, SAFE, no throw
|
Batting: RHB Dan Cross
|
0-0: Called Strike 0-1: Ball 1-1: Ball 2-1: Ball 3-1: Called Strike 3-2: SINGLE (Line Drive, 78S) Steve Smith to second Steve Smith to third
|
Batting: RHB Luis Carranza
|
0-0: Fielders Choice at 2nd, 6-4 (Groundball, 6)
|
Bottom of the 5th over - 1 run, 2 hits, 0 errors, 2 left on base; Savannah 6 - Beaverton 2 |
TOP OF THE 6TH |
Savannah Hogs batting - Pitching for Beaverton Bronze Souls : LHP Lúcio López
|
Pitching: RHP Lawrence Law
|
|
Batting: RHB Rick Holman
|
0-0: Ball 1-0: Called Strike 1-1: SINGLE (Line Drive, 8RS)
|
Batting: RHB Pedro Cuevas
|
0-0: Fly out, F3 (Popup, 3S)
|
Batting: RHB Melvin Matthews
|
0-0: Ball Rick Holman steals 2nd base 1-0: Called Strike 1-1: Swinging Strike 1-2: SINGLE (Flyball, 89S) Rick Holman to third Runner from 3rd tries for Home, SAFE, no throw
|
Batting: RHB Wilson Ortíz
|
0-0: Hit by Pitch Melvin Matthews to second
|
Batting: RHB Juan Morales
|
0-0: Fly out, F7 (Flyball, 7S)
|
Batting: SHB Juan Chávez
|
0-0: SINGLE (Groundball, 34D) Melvin Matthews to third Wilson Ortíz to second Runner from 3rd tries for Home, SAFE, no throw
|
Batting: LHB Felipe Franco
|
0-0: Hit by Pitch Wilson Ortíz to third Juan Chávez to second
|
Batting: RHB Louis Miller
|
0-0: Called Strike 0-1: Fielders Choice at 2nd, 6-4 (Groundball, 6)
|
Top of the 6th over - 2 runs, 3 hits, 0 errors, 3 left on base; Savannah 8 - Beaverton 2 |
BOTTOM OF THE 6TH |
Beaverton Bronze Souls batting - Pitching for Savannah Hogs : LHP Ricardo Rosário
|
Batting: RHB Cameron Irwin
|
0-0: Foul Ball, location: 2F 0-1: Swinging Strike 0-2: Ball 1-2: Foul Ball, location: 2F 1-2: Strikes out swinging
|
Batting: RHB José López
|
0-0: Ball 1-0: Ball 2-0: Foul Ball, location: 2F 2-1: Swinging Strike 2-2: Fly out, F7 (Flyball, 7LS)
|
Batting: SHB Alberto Sandoval
|
0-0: Called Strike 0-1: Swinging Strike 0-2: Ball 1-2: Ball 2-2: Foul Ball, location: 2F 2-2: Fly out, F8 (Flyball, 8LM)
|
Bottom of the 6th over - 0 runs, 0 hits, 0 errors, 0 left on base; Savannah 8 - Beaverton 2 |
TOP OF THE 7TH |
Savannah Hogs batting - Pitching for Beaverton Bronze Souls : RHP Lawrence Law
|
Batting: RHB Miguel Martínez
|
0-0: Ball 1-0: Fly out, F3 (Popup, 3F)
|
Batting: RHB Rick Holman
|
0-0: Called Strike 0-1: Called Strike 0-2: Ball 1-2: Ball 2-2: Ball 3-2: Strikes out swinging
|
Batting: RHB Pedro Cuevas
|
0-0: Swinging Strike 0-1: Ball 1-1: SINGLE (Groundball, 4MD)
|
Batting: RHB Melvin Matthews
|
0-0: Ball 1-0: Foul Ball, location: 2F 1-1: Ball 2-1: Ball 3-1: Swinging Strike 3-2: Foul Ball, location: 2F 3-2: Foul Ball, location: 2F 3-2: Foul Ball, location: 2F 3-2: SINGLE (Line Drive, 4MD) Pedro Cuevas to second Pedro Cuevas to third
|
Batting: RHB Wilson Ortíz
|
0-0: Called Strike 0-1: Ball 1-1: Swinging Strike 1-2: Ball 2-2: Foul Ball, location: 2F 2-2: Ball 3-2: Base on Balls Melvin Matthews to second
|
Batting: RHB Juan Morales
|
0-0: Called Strike 0-1: Foul Ball, location: 2F 0-2: Strikes out swinging
|
Top of the 7th over - 0 runs, 2 hits, 0 errors, 3 left on base; Savannah 8 - Beaverton 2 |
BOTTOM OF THE 7TH |
Beaverton Bronze Souls batting - Pitching for Savannah Hogs : LHP Ricardo Rosário
|
Pitching: RHP César Marrero
|
|
Batting: LHB Howard Holder
|
0-0: Ball 1-0: Ground out 4-3 (Groundball, 4)
|
Batting: RHB Pedro Rivera
|
0-0: Foul Ball, location: 2F 0-1: Swinging Strike 0-2: Foul Ball, location: 2F 0-2: Ball 1-2: SINGLE (Groundball, 3D)
|
Batting: LHB José Guillén
|
0-0: Called Strike 0-1: Foul Ball, location: 2F 0-2: Ball 1-2: Ball 2-2: Ball 3-2: Foul Ball, location: 2F 3-2: SINGLE (Line Drive, 4) Pedro Rivera to second
|
Batting: RHB Steve Smith
|
0-0: Called Strike Pedro Rivera steals 3rd base 0-1: Ball 1-1: Swinging Strike 1-2: Ball 2-2: SINGLE (Line Drive, 9LS) Pedro Rivera scores José Guillén to second
|
Batting: RHB Dan Cross
|
0-0: Ball 1-0: Fly out, F8 (Flyball, 8LXD) Runner from 2nd tags up, SAFE at 3rd, no throw
|
Batting: RHB Luis Carranza
|
0-0: Called Strike 0-1: Fielders Choice at 2nd, 5-4 (Groundball, 56)
|
Bottom of the 7th over - 1 run, 3 hits, 0 errors, 2 left on base; Savannah 8 - Beaverton 3 |
TOP OF THE 8TH |
Savannah Hogs batting - Pitching for Beaverton Bronze Souls : RHP Lawrence Law
|
Batting: SHB Juan Chávez
|
0-0: Called Strike 0-1: Ball 1-1: Swinging Strike 1-2: Foul Ball, location: 2F 1-2: Strikes out swinging
|
Batting: LHB Felipe Franco
|
0-0: Ball 1-0: Ball 2-0: Ball 3-0: Called Strike 3-1: Called Strike 3-2: Base on Balls
|
Batting: RHB Louis Miller
|
0-0: Ball 1-0: Ball 2-0: SINGLE (Groundball, 6MD) Felipe Franco to second Runner from 2nd tries for 3rd, OUT!
|
Batting: RHB Miguel Martínez
|
0-0: Called Strike 0-1: Called Strike 0-2: Fly out, F8 (Flyball, 8RM)
|
Top of the 8th over - 0 runs, 1 hit, 0 errors, 1 left on base; Savannah 8 - Beaverton 3 |
BOTTOM OF THE 8TH |
Beaverton Bronze Souls batting - Pitching for Savannah Hogs : RHP César Marrero
|
Batting: RHB Cameron Irwin
|
0-0: Ball 1-0: Called Strike 1-1: Foul Ball, location: 2F 1-2: Foul Ball, location: 2F 1-2: Foul Ball, location: 2F 1-2: SINGLE (Line Drive, 7LM)
|
Batting: RHB José López
|
0-0: Ball 1-0: Ball 2-0: Fly out, F4 (Line Drive, 34)
|
Batting: SHB Alberto Sandoval
|
0-0: Swinging Strike 0-1: Called Strike 0-2: 2-RUN HOME RUN (Line Drive, 9LD), Distance : 336 ft
|
Pitching: RHP Ismael Chávez
|
|
Batting: LHB Howard Holder
|
0-0: Ball 1-0: Called Strike 1-1: Ball 2-1: Foul Ball, location: 2F 2-2: Foul Ball, location: 2F 2-2: Foul Ball, location: 2F 2-2: Foul Ball, location: 2F 2-2: Ball 3-2: Base on Balls
|
Batting: RHB Pedro Rivera
|
0-0: Called Strike 0-1: Foul Ball, location: 2F 0-2: Foul Ball, location: 2F 0-2: Strikes out looking
|
Batting: LHB José Guillén
|
0-0: Ball 1-0: DOUBLE (Line Drive, 8LD) Howard Holder to third
|
Batting: RHB Steve Smith
|
0-0: Ball 1-0: Ball 2-0: Ball 3-0: Called Strike 3-1: Base on Balls
|
Batting: RHB Dan Cross
|
0-0: Ball 1-0: Ball 2-0: Foul Ball, location: 2F 2-1: Foul Ball, location: 2F 2-2: Ball 3-2: Fly out, F5 (Line Drive, 5L)
|
Bottom of the 8th over - 2 runs, 3 hits, 0 errors, 3 left on base; Savannah 8 - Beaverton 5 |
TOP OF THE 9TH |
Savannah Hogs batting - Pitching for Beaverton Bronze Souls : RHP Lawrence Law
|
Batting: RHB Rick Holman
|
0-0: Ball 1-0: Called Strike 1-1: Foul Ball, location: 2F 1-2: Strikes out looking
|
Batting: RHB Pedro Cuevas
|
0-0: Called Strike 0-1: Ball 1-1: Ball 2-1: Ball 3-1: Foul Ball, location: 2F 3-2: Fly out, F7 (Flyball, 7D)
|
Batting: RHB Melvin Matthews
|
0-0: Ball 1-0: Called Strike 1-1: Called Strike 1-2: SINGLE (Groundball, 34D)
|
Batting: RHB Wilson Ortíz
|
0-0: Ball 1-0: SINGLE (Line Drive, 4D) Melvin Matthews to second
|
Pitching: LHP Martin Martin
|
|
Batting: RHB Juan Morales
|
0-0: Ball 1-0: Foul Ball, location: 2F 1-1: Ball 2-1: Ball 3-1: Foul Ball, location: 2F 3-2: Foul Ball, location: 2F 3-2: Strikes out swinging
|
Top of the 9th over - 0 runs, 2 hits, 0 errors, 2 left on base; Savannah 8 - Beaverton 5 |
BOTTOM OF THE 9TH |
Beaverton Bronze Souls batting - Pitching for Savannah Hogs : RHP Ismael Chávez
|
Pitching: RHP Cristiano Cipolloni
|
|
Batting: RHB Luis Carranza
|
0-0: Called Strike 0-1: Ball 1-1: Ground out 4-3 (Groundball, 4)
|
Batting: RHB Cameron Irwin
|
0-0: Foul Ball, location: 2F 0-1: Ball 1-1: Ball 2-1: Swinging Strike 2-2: Ball 3-2: Base on Balls
|
Batting: RHB José López
|
0-0: Ball 1-0: Foul Ball, location: 2F 1-1: Ball 2-1: Called Strike 2-2: Ball Wild Pitch! Cameron Irwin to second 3-2: Foul Ball, location: 2F 3-2: Ground out 1-3 (Groundball, 15S)
|
Batting: SHB Alberto Sandoval
|
0-0: Called Strike 0-1: Ball 1-1: Ball 2-1: Called Strike 2-2: SINGLE (Flyball, 78M) Cameron Irwin to third
|
Batting: LHB Howard Holder
|
0-0: Ball 1-0: Swinging Strike 1-1: Swinging Strike 1-2: Foul Ball, location: 2F 1-2: Strikes out swinging
|
Bottom of the 9th over - 0 runs, 1 hit, 0 errors, 2 left on base; Savannah 8 - Beaverton 5 |
|